 Dungeon Crawl Stone Soup version 0.19-a0-1866-ge6f2195 (webtiles) character file.

34 JeffiDaFish the Sneak (level 3, -1/24 HPs)
             Began as a Vampire Enchanter on Oct 12, 2016.
             Slain by Terence
             ... wielding a +0 flail
              (12 damage)
             ... on level 2 of the Dungeon.
             The game lasted 00:07:59 (1386 turns).

JeffiDaFish the Sneak (Vampire Enchanter)           Turns: 1386, Time: 00:07:59

Health: -1/24      AC:  3    Str:  8    XL:     3   Next: 14%
Magic:  0/6        EV: 13    Int: 22    God:
Gold:   13         SH:  0    Dex: 14    Spells: 3 memorised, 0 levels left

rFire  . . .     SeeInvis +     a - +2 dagger
rCold  + . .     Gourm    .     b - +1 robe
rNeg   + + .     Faith    .     (no shield)
rPois  +         Spirit   .     (no helmet)
rElec  .         Dismiss  .     (no cloak)
rCorr  .         Reflect  .     (no gloves)
MR     .....     Harm     .     (no boots)
Stlth  ++++......               (no amulet)
                                (no ring)
                                e - +5 ring of intelligence

@: regenerating slowly
A: fangs 3, see invisible, unbreathing
a: Bat Form


You were on level 2 of the Dungeon.
You were thirsty.

You visited 1 branch of the dungeon, and saw 2 of its levels.

You collected 13 gold pieces.

Inventory:

Hand Weapons
 a - a +2 dagger (weapon)
Armour
 b - a +1 robe (worn)
Jewellery
 e - a +5 ring of intelligence (left hand)
Scrolls
 f - a scroll of identify
Potions
 d - 4 potions of blood
 g - a potion of lignification {unknown}
Books
 c - a book of Maledictions

   Spells                             Type                      Level
   a - Corona                         Hexes                        1
   b - Ensorcelled Hibernation        Hexes/Ice                    2
   c - Confuse                        Hexes                        3
   d - Tukima's Dance                 Hexes                        3
   e - Dazzling Spray                 Conjuration/Hexes            3


   Skills:
 + Level 0.1 Fighting
 + Level 1.3 Short Blades
 + Level 2.4 Dodging
 + Level 5.3 Stealth
 + Level 2.0 Spellcasting
 + Level 5.2 Hexes


You couldn't memorise any spells.
You knew the following spells:

 Your Spells              Type           Power        Failure   Level  Hunger
a - Corona                Hex            ####...      1%          1    #......
b - Ensorcelled Hibernat  Hex/Ice        ##....       10%         2    ##.....
c - Confuse               Hex            ####....     6%          3    ###....


Dungeon Overview and Level Annotations

Branches:
Dungeon (2/15)

Altars:

Annotations:
D:2 Terence


Innate Abilities, Weirdness & Mutations

You heal slowly.
You have razor-sharp teeth.
You have supernaturally acute eyesight. (SInv)
You can survive without breathing.


Message History

You are feeling thirsty.
Terence hits you but does no damage.
Casting: Ensorcelled Hibernation
Confirm with . or Enter, or press ? or * to list all spells.
Aiming: Ensorcelled Hibernation
Press: ? - help, Shift-Dir - straight line, f/p - Terence
Aim: Terence, wielding a flail and wearing a scale mail (chance to defeat MR: 52%) Terence resists with significant effort.
Terence drinks a potion.
Terence goes berserk!
Terence hits you with a flail!
Terence rages.
Casting: Ensorcelled Hibernation
Confirm with . or Enter, or press ? or * to list all spells.
You don't have enough magic to cast that spell.
Casting: Ensorcelled Hibernation
Confirm with . or Enter, or press ? or * to list all spells.
You don't have enough magic to cast that spell.
Terence hits you with a flail!
Ouch! That really hurt!
You die...

#<# #.# #.# #.# #.# #.#
#.# #.# #.# #)# #<# #.#
#%# #(# .#. #.#
#.###########..... #.#
#.##..@@..........
#.####.##.##########.#.
#.....(..............
#####################


You could see Terence (berserk).

Vanquished Creatures
  2 oozes (D:1)
  A dart slug (D:1)
  3 bats (D:1)
  2 giant cockroaches (D:1)
  6 hobgoblins (D:1)
  A frilled lizard (D:1)
  2 goblins (D:1)
  2 kobolds
  5 rats (D:1)
24 creatures vanquished.

Notes
Turn   | Place    | Note
-------+----------+-------------------------------------------
     0 | D:1      | JeffiDaFish the Vampire Enchanter began the quest for the Orb.
     0 | D:1      | Reached XP level 1. HP: 13/13 MP: 3/3
   257 | D:1      | Reached XP level 2. HP: 17/19 MP: 5/5
   261 | D:1      | Learned a level 2 spell: Ensorcelled Hibernation
   484 | D:1      | Reached skill level 5 in Stealth
   484 | D:1      | Reached skill level 5 in Hexes
   976 | D:1      | Reached XP level 3. HP: 13/24 MP: 6/6
  1300 | D:2      | Learned a level 3 spell: Confuse
  1374 | D:2      | Noticed Terence
  1386 | D:2      | Slain by Terence

Vault maps used:
D:1:      tarquinn_simple_flora_water_f
D:2:      vehumet_crystals, minmay_tripent, uniq_terence,
          uniq_crazy_yiuf_cottage

Skill      XL: |  1  2 |
---------------+-------+-----
Stealth        | 5 |  5.3
Hexes          | 5 |  5.2
Fighting       | |  0.1
Short Blades   | |  1.3
Dodging        | |  2.4
Spellcasting   | |  2.0

Action                   || total
-------------------------++-------
Melee: Dagger            ||    81
       Bite              ||     5
 Cast: Ensorcelled Hiber ||     3
  Use: Potion            ||     3
       Scroll            ||     6
 Stab: Sleeping          ||     7
Armor: Robe              ||    20
Dodge: Dodged            ||    37
